 Dungeon Crawl Stone Soup version 0.31-a0-345-g1ebeae05c6 (webtiles) character file.

Game seed: 15355743897243670643

26828 zazu2006 the Fighter (level 13, 0/104 (107) HPs)
             Began as a Gnoll Wanderer on July 22, 2023.
             Was an Elder of Vehumet.
             Slain by a skyshark (7 damage)
             ... on level 4 of the Lair of Beasts.
             The game lasted 00:42:52 (17924 turns).

zazu2006 the Fighter (Gnoll Wanderer)              Turns: 17924, Time: 00:42:53

HP:   0/104 (107)   AC: 10    Str: 11    XL:     13   Next: 28%
MP:   7/25          EV: 18    Int: 13    God:    Vehumet [****..]
Gold: 1116          SH:  0    Dex: 22    Spells: 14/28 levels left

rFire   . . .        I - +6 trident (venom)
rCold   . . .        (no shield)
rNeg    . . .        E - +2 robe {Will+}
rPois   +            N - +2 hat {Stlth+}
rElec   .            b - +0 cloak
rCorr   .            C - +0 pair of gloves
SInv    .            y - +0 pair of boots
Will    +....        p - amulet of the acrobat
Stlth   ++++++       q - ring of poison resistance
HPRegen 0.37/turn    f - +6 ring of dexterity
MPRegen 0.19/turn

%: acrobat
@: about to teleport, lightly drained
A: fangs 1, strong nose, distributed training
a: Renounce Religion


You were on level 4 of the Lair of Beasts.
You worshipped Vehumet.
Vehumet was greatly pleased with you.
You visited 3 branches of the dungeon, and saw 16 of its levels.
You also visited: Sewer and Ossuary.

You collected 1116 gold pieces.

Inventory:

Hand Weapons
 g - a +4 scimitar of flaming
 j - a +4 dagger of speed
 I - a +6 trident of venom (weapon)
Missiles
 x - 3 throwing nets
 O - 6 datura-tipped darts
Armour
 b - a +0 cloak (worn)
 y - a +0 pair of boots (worn)
 C - a +0 pair of gloves (worn)
 E - a +2 robe of willpower (worn)
 J - +0 steam dragon scales
 L - a +0 troll leather armour
 N - a +2 hat of stealth (worn)
Jewellery
 a - an amulet of guardian spirit
 f - a +6 ring of dexterity (right hand)
 p - an amulet of the acrobat (around neck)
 q - a ring of poison resistance (left hand)
 H - a ring of fire
 K - a +6 ring of intelligence
 P - a ring of willpower
 R - an amulet of reflection
Wands
 Q - a wand of iceblast (11)
 S - a wand of mindburst (6)
 T - a wand of polymorph (3)
 V - a wand of digging (6)
 W - a wand of flame (20)
Scrolls
 c - 4 scrolls of fog
 d - 5 scrolls of enchant armour
 h - 2 scrolls of brand weapon
 l - 5 scrolls of noise
 o - 2 scrolls of fear {unknown}
 s - 2 scrolls of torment {unknown}
 w - 2 scrolls of amnesia
 z - 4 scrolls of enchant weapon {unknown}
 A - 5 scrolls of revelation
 G - 4 scrolls of teleportation
 M - 3 scrolls of blinking {unknown}
 U - a scroll of silence {unknown}
 X - a scroll of poison {unknown}
Potions
 i - 2 potions of cancellation
 k - 3 potions of haste
 m - 4 potions of mutation
 n - a potion of invisibility {unknown}
 r - 5 potions of enlightenment
 t - 2 potions of ambrosia
 u - 3 potions of curing {unknown}
 v - 2 potions of resistance
 B - 2 potions of brilliance
 D - a potion of magic {unknown}
 F - 2 potions of might


   Skills:
 + Level 11.8 Fighting
 + Level 8.3 Short Blades
 + Level 8.3 Long Blades
 + Level 8.3 Axes
 + Level 8.3 Maces & Flails
 + Level 10.6 Polearms
 + Level 8.3 Staves
 + Level 8.3 Ranged Weapons
 + Level 8.3 Throwing
 + Level 8.3 Armour
 + Level 8.3 Dodging
 + Level 10.3 Stealth
 + Level 8.3 Shields
 + Level 8.3 Unarmed Combat
 + Level 8.3 Spellcasting
 + Level 6.9 Conjurations
 + Level 6.9 Hexes
 + Level 6.9 Summonings
 + Level 6.9 Necromancy
 + Level 6.9 Translocations
 + Level 6.9 Transmutations
 + Level 6.9 Fire Magic
 + Level 6.9 Ice Magic
 + Level 6.9 Air Magic
 + Level 6.9 Earth Magic
 + Level 6.9 Poison Magic
 + Level 9.1 Invocations
 + Level 8.3 Evocations
 + Level 6.9 Shapeshifting


You had 14 spell levels left.
You knew the following spells:

 Your Spells              Type           Power      Damage    Failure   Level
a - Shock                 Conj/Air       92%        1d8       1%          1
b - Ensorcelled Hibernat  Hex/Ice        46%        N/A       1%          2
c - Dazzling Flash        Conj/Hex       46%        N/A       1%          3
d - Airstrike             Air            11%        2d(2-18)  2%          4
e - Sticky Flame          Conj/Fire      23%        2d4       2%          4

Your spell library contained the following spells:

 Spells                   Type           Power      Damage    Failure   Level
 Flame Wave               Conj/Fire      23%        2d8       2%          4
 Freeze                   Ice            92%        1d9       1%          1
 Slow                     Hex            92%        N/A       1%          1
 Passwall                 Tmut/Erth      19%        N/A       1%          2
 Sublimation of Blood     Necr           23%        N/A       1%          2
 Frozen Ramparts          Ice            46%        1d7       1%          3
 Hailstorm                Conj/Ice       23%        3d7       1%          3
 Inner Flame              Hex/Fire       23%        N/A       1%          3
 Confusing Touch          Hex            23%        N/A       2%          3
 Ozocubu's Armour         Ice            23%        N/A       2%          3
 Swiftness                Air            23%        N/A       2%          3
 Vampiric Draining        Necr           23%        2d7       2%          3
 Irradiate                Conj/Tmut      11%        3d15      6%          5
 Yara's Violent Unravell  Hex/Tmut       11%        3d6       6%          5
 Petrify                  Tmut/Erth      23%        N/A       8%          4
 Summon Ice Beast         Ice/Summ       23%        N/A       8%          4
 Summon Mana Viper        Hex/Summ       23%        N/A       22%         5
 Ozocubu's Refrigeration  Ice            11%        4d10      82%         7
 Enfeeble                 Hex            11%        N/A       100%        7
 Monstrous Menagerie      Summ           11%        N/A       100%        7


Dungeon Overview and Level Annotations

Branches:
Dungeon (11/15)            Temple (1/1) D:5            Lair (4/5) D:10
 Shoals (0/4) Lair:2       Spider (0/4) Lair:2        Sewer (visited)
Ossuary (visited)
  Slime: Lair:4-5       Orc: D:9-12

Altars:
Ashenzari
Cheibriados
Dithmenos
Elyvilon
Fedhas
Gozag
Hepliaklqana
Kikubaaqudgha
Makhleb
Nemelex Xobeh
Okawaru
Qazlal
Ru
Sif Muna
Trog
Uskayaw
Vehumet
Wu Jian
Xom
Yredelemnul
Zin
The Shining One

Shops:
D:1 [   D:4 :   D:8 [

Annotations:
D:5 exclusion: oklob plant
Lair:3 3 runed translucent doors, klm127's ghost, journeyman TrGl


Innate Abilities, Weirdness & Mutations

You have very sharp teeth.
Your uncanny sense of smell can sniff out nearby items.
Your experience applies equally to all skills.


Message History

Okay, then.
You feel much better. The skyshark bites you!
The skyshark completely misses you.
The skyshark tail-slaps you but does no damage.
The skyshark misses you. x3
As you read the scroll of teleportation, it crumbles to dust.
You feel strangely unstable. The skyshark bites you!
The skyshark closely misses you.
The skyshark tail-slaps you but does no damage.
Okay, then.
Casting: Sticky Flame (mildly dangerous; 2% risk of failure)
Confirm with . or Enter, or press ? or * to list all spells.
Aiming: Sticky Flame (mildly dangerous; 2% risk of failure)
Press: ? - help, Shift-Dir - straight line, f/p - skyshark
Aim: a skyshark (heavily wounded, berserk, poisoned)
The sticky flame hits the skyshark.
The skyshark is severely wounded.
The skyshark is covered in liquid flames!
The skyshark burns!
The skyshark bites you!
* * * LOW HITPOINT WARNING * * *
The skyshark misses you. The skyshark tail-slaps you!
* * * LOW HITPOINT WARNING * * *
The skyshark completely misses you. The skyshark closely misses you.
The skyshark tail-slaps you!
* * * LOW HITPOINT WARNING * * *
You feel much better.
The skyshark burns!
The skyshark bites you.
* * * LOW HITPOINT WARNING * * *
The skyshark closely misses you. The skyshark barely misses you.
You hit the skyshark.
The skyshark looks even sicker.
The skyshark is severely wounded.
The skyshark burns!
The skyshark bites you!
* * * LOW HITPOINT WARNING * * *
The skyshark barely misses you. The skyshark tail-slaps you.
* * * LOW HITPOINT WARNING * * *
Unknown command.
You puncture the skyshark!
The skyshark looks as sick as possible!
You bite the skyshark, but do no damage.
The skyshark is almost dead.
The skyshark barely misses you. The skyshark tail-slaps you!
You die...

### ##.## #####
#...######.#.###
......#....#...##
..........†.....##
.................##
####...###..#P..@.##
# #...##.####...l†##
# ##..### ####†..# #
#..# #.......# ##..#
#.#.....~# # ##P.##
##.....~♣#
###....######
##..P♣~~
#......#...P# #.~♣ ~
............## ...


You could see a skyshark (berserk, burning, extremely poisoned).

Vanquished Creatures
  Gastronok (D:9)
  A hydra (Lair:3)
  4 two-headed ogres
  Erica (D:9)
  2 skysharks
  A pharaoh ant (Lair:2)
  Pikel (D:5)
  3 cyclopes (D:11)
  9 elephants
  2 black mambas
  An unseen horror (D:10)
  Maggie (D:9)
  6 cane toads
  A kobold demonologist (D:11)
  5 komodo dragons
  A hornet (D:10)
  2 trolls
  Grinder (D:6)
  4 blink frogs (Lair:4)
  A dream sheep (Lair:4)
  A shadow (D:11)
  2 wyverns
  20 yaks
  A steam dragon (Lair:1)
  3 redbacks (Lair:2)
  3 vampire mosquitoes (D:10)
  8 water moccasins
  Duvessa (D:5)
  An acid dragon (D:9)
  2 orc warriors
  2 ice beasts
  A sky beast (D:7)
  A black bear (D:7)
  3 ogres
  A lemure (D:5)
  6 centaurs
  2 kobold brigands (D:9)
  7 bullfrogs
  2 gnoll sergeants (D:8)
  A scorpion (D:4)
  4 wights (D:9)
  Dowan (D:5)
  8 killer bees
  An electric eel (Lair:4)
  2 centaur zombies (Ossuary)
  7 jellies
  7 orc priests
  2 sleepcaps
  4 iguanas
  19 orc wizards
  15 hell rats
  6 mummies (Ossuary)
  Robin (D:2)
  15 gnolls
  8 adders
  11 river rats
  A white imp (D:7)
  2 worms
  2 dart slugs
  14 orcs
  14 ball pythons
  7 bats
  18 endoplasms
  6 giant cockroaches
  14 goblins
  6 hobgoblins
  4 jackals
  15 kobolds
  8 quokkas
  7 frilled lizards
  7 hobgoblin zombies (Ossuary)
  22 rats
374 creatures vanquished.

Vanquished Creatures (collateral kills)
  A goblin (D:4)
  A jackal (D:4)
  A ball python (D:4)
3 creatures vanquished.

Vanquished Creatures (others)
  An orc wizard (D:8)
  A goblin (D:2)
2 creatures vanquished.

Grand Total: 379 creatures vanquished

Notes
Turn   | Place    | Note
-------+----------+-------------------------------------------
     0 | D:1      | zazu2006 the Gnoll Wanderer began the quest for the Orb.
     0 | D:1      | zazu2006 set off with the following items: a +3 spear, a +0
                  | cloak, a scroll of fog, a +0 robe.
     0 | D:1      | Reached XP level 1. HP: 26/26 MP: 1/1
   144 | D:1      | Reached XP level 2. HP: 26/33 MP: 2/2
   444 | D:1      | Found a faded altar of an unknown god.
   446 | D:1      | Reached XP level 3. HP: 38/38 MP: 3/3
   667 | D:1      | Found Eblit's Antique Armour Emporium.
   952 | D:2      | Reached skill level 1 in Invocations
  1003 | D:2      | Reached skill level 1 in Short Blades
  1003 | D:2      | Reached skill level 1 in Long Blades
  1003 | D:2      | Reached skill level 1 in Axes
  1003 | D:2      | Reached skill level 1 in Maces & Flails
  1003 | D:2      | Reached skill level 1 in Staves
  1003 | D:2      | Reached skill level 1 in Ranged Weapons
  1003 | D:2      | Reached skill level 1 in Throwing
  1003 | D:2      | Reached skill level 1 in Armour
  1003 | D:2      | Reached skill level 1 in Dodging
  1003 | D:2      | Reached skill level 1 in Shields
  1003 | D:2      | Reached skill level 1 in Unarmed Combat
  1003 | D:2      | Reached skill level 1 in Spellcasting
  1003 | D:2      | Reached skill level 1 in Evocations
  1137 | D:2      | Noticed Robin
  1161 | D:2      | Reached XP level 4. HP: 26/44 MP: 5/5
  1176 | D:2      | Killed Robin
  1310 | D:2      | Reached skill level 1 in Conjurations
  1310 | D:2      | Reached skill level 1 in Hexes
  1310 | D:2      | Reached skill level 1 in Summonings
  1310 | D:2      | Reached skill level 1 in Necromancy
  1310 | D:2      | Reached skill level 1 in Translocations
  1310 | D:2      | Reached skill level 1 in Transmutations
  1310 | D:2      | Reached skill level 1 in Fire Magic
  1310 | D:2      | Reached skill level 1 in Ice Magic
  1310 | D:2      | Reached skill level 1 in Air Magic
  1310 | D:2      | Reached skill level 1 in Earth Magic
  1310 | D:2      | Reached skill level 1 in Poison Magic
  1310 | D:2      | Reached skill level 1 in Shapeshifting
  2129 | D:3      | Reached XP level 5. HP: 51/51 MP: 5/7
  2598 | D:4      | Noticed an ogre
  2614 | D:4      | Killed an ogre
  2615 | D:4      | Reached XP level 6. HP: 30/57 MP: 7/9
  2620 | D:4      | Found a sand-covered staircase.
  2640 | D:4      | Found Kullukoch's Tiny Tomes.
  2655 | Ossuary  | Entered an ossuary
  2737 | Ossuary  | Reached XP level 7. HP: 40/63 MP: 10/10
  3120 | D:4      | Learned a level 1 spell: Shock
  3271 | D:5      | Entered Level 5 of the Dungeon
  3359 | D:5      | Noticed Dowan
  3361 | D:5      | Noticed Duvessa
  3442 | D:5      | Killed Duvessa
  3589 | D:5      | Killed Dowan
  3590 | D:5      | Reached skill level 9 in Fighting
  3623 | D:5      | Found a staircase to the Ecumenical Temple.
  3634 | Temple   | Entered the Ecumenical Temple
  3639 | Temple   | Became a worshipper of Vehumet
  3887 | D:5      | Reached XP level 8. HP: 29/71 MP: 9/12
  4052 | D:5      | Found a blossoming altar of Fedhas.
  4066 | D:5      | Noticed an oklob plant
  4281 | D:5      | Noticed Pikel
  4298 | D:5      | Killed Pikel
  4329 | D:5      | Found a white marble altar of Elyvilon.
  4352 | D:5      | Learned a level 2 spell: Ensorcelled Hibernation
  4778 | D:6      | Noticed Grinder
  4798 | D:6      | Paralysed by Grinder for 4 turns
  4803 | D:6      | Killed Grinder
  4804 | D:6      | Reached XP level 9. HP: 53/77 MP: 13/15
  5175 | D:6      | Found a glowing drain.
  5186 | Sewer    | Entered a sewer
  5443 | Sewer    | Reached * piety under Vehumet
  5443 | Sewer    | Offered knowledge of Kiss of Death by Vehumet.
  5562 | Sewer    | Found a viscous altar of Jiyva.
  6870 | D:7      | Reached skill level 5 in Invocations
  7265 | D:8      | Found Biepim's Armour Emporium.
  7514 | D:8      | Reached ** piety under Vehumet
  7514 | D:8      | Offered knowledge of Foxfire by Vehumet.
  7709 | D:8      | Reached XP level 10. HP: 85/85 MP: 17/17
  7798 | D:8      | Found an iron altar of Okawaru.
  8214 | D:9      | Reached skill level 10 in Fighting
  8214 | D:9      | Reached skill level 5 in Short Blades
  8214 | D:9      | Reached skill level 5 in Long Blades
  8214 | D:9      | Reached skill level 5 in Axes
  8214 | D:9      | Reached skill level 5 in Maces & Flails
  8214 | D:9      | Reached skill level 5 in Staves
  8214 | D:9      | Reached skill level 5 in Ranged Weapons
  8214 | D:9      | Reached skill level 5 in Throwing
  8214 | D:9      | Reached skill level 5 in Armour
  8214 | D:9      | Reached skill level 5 in Dodging
  8214 | D:9      | Reached skill level 5 in Shields
  8214 | D:9      | Reached skill level 5 in Unarmed Combat
  8214 | D:9      | Reached skill level 5 in Spellcasting
  8214 | D:9      | Reached skill level 5 in Evocations
  8543 | D:9      | Offered knowledge of Poisonous Vapours by Vehumet.
  8556 | D:9      | Noticed Gastronok
  8581 | D:9      | Killed Gastronok
  9086 | D:9      | Found a sacrificial altar of Ru.
  9096 | D:9      | Noticed Erica
  9101 | D:9      | Killed Erica
  9171 | D:9      | Reached *** piety under Vehumet
  9281 | D:9      | Found a hazy altar of Hepliaklqana.
  9316 | D:9      | Noticed a two-headed ogre
  9330 | D:9      | Killed a two-headed ogre
  9331 | D:9      | Reached skill level 5 in Conjurations
  9331 | D:9      | Reached skill level 5 in Hexes
  9331 | D:9      | Reached skill level 5 in Summonings
  9331 | D:9      | Reached skill level 5 in Necromancy
  9331 | D:9      | Reached skill level 5 in Translocations
  9331 | D:9      | Reached skill level 5 in Transmutations
  9331 | D:9      | Reached skill level 5 in Fire Magic
  9331 | D:9      | Reached skill level 5 in Ice Magic
  9331 | D:9      | Reached skill level 5 in Air Magic
  9331 | D:9      | Reached skill level 5 in Earth Magic
  9331 | D:9      | Reached skill level 5 in Poison Magic
  9331 | D:9      | Reached skill level 5 in Shapeshifting
  9331 | D:9      | Reached XP level 11. HP: 30/92 MP: 18/20
  9588 | D:9      | Found a shadowy altar of Dithmenos.
  9635 | D:9      | Offered knowledge of Dazzling Flash by Vehumet.
  9768 | D:9      | Learned a level 3 spell: Dazzling Flash
  9975 | D:9      | Noticed Maggie
  9991 | D:9      | Killed Maggie
 10353 | D:10     | Entered Level 10 of the Dungeon
 10427 | D:10     | Noticed a two-headed ogre
 10438 | D:10     | Killed a two-headed ogre
 10673 | D:10     | Found an opulent altar of Gozag.
 10679 | D:10     | Found a stormy altar of Qazlal.
 10679 | D:10     | Found a bloodstained altar of Trog.
 10915 | D:10     | Found a staircase to the Lair.
 11807 | D:11     | Noticed a boulder beetle
 12125 | D:11     | Noticed a cyclops
 12136 | D:11     | Killed a cyclops
 12237 | D:11     | Noticed a two-headed ogre
 12248 | D:11     | Killed a two-headed ogre
 12316 | D:11     | Noticed a cyclops
 12340 | D:11     | Killed a cyclops
 12450 | D:11     | Noticed a cyclops
 12465 | D:10     | Reached **** piety under Vehumet
 12585 | D:10     | Reached skill level 11 in Fighting
 12658 | D:11     | Killed a cyclops
 12659 | D:11     | Reached XP level 12. HP: 77/100 MP: 22/22
 12731 | D:11     | Learned a level 4 spell: Airstrike
 12822 | D:11     | Noticed a two-headed ogre
 12830 | D:11     | Killed a two-headed ogre
 12994 | Lair:1   | Entered Level 1 of the Lair of Beasts
 14122 | Lair:1   | Offered knowledge of Sticky Flame by Vehumet.
 14129 | Lair:1   | Learned a level 4 spell: Sticky Flame
 14243 | Lair:2   | Reached skill level 10 in Polearms
 14322 | Lair:2   | Found a staircase to the Shoals.
 14375 | Lair:2   | Found a hole to the Spider Nest.
 15501 | Lair:2   | Reached ***** piety under Vehumet
 15507 | Lair:2   | Offered knowledge of Flame Wave by Vehumet.
 15846 | Lair:3   | Identified the +3 scale mail of Plasticity {rC+ Will+}
 16018 | Lair:3   | Noticed a seven-headed hydra
 16023 | Lair:3   | Killed a seven-headed hydra
 16024 | Lair:3   | Reached skill level 10 in Stealth
 16183 | Lair:3   | Noticed a skyshark
 16199 | Lair:3   | HP: 2/100 [skyshark (8)]
 16200 | Lair:3   | Killed a skyshark
 16201 | Lair:3   | Reached XP level 13. HP: 3/106 MP: 16/25
 16521 | Lair:3   | Noticed a minotaur
 16528 | Lair:3   | Noticed klm127's ghost (journeyman TrGl)
 16593 | Lair:3   | Found a runed translucent gate.
 16593 | Lair:3   | Found a runed translucent gate.
 16593 | Lair:3   | Found a runed translucent gate.
 17924 | Lair:4   | Slain by a skyshark

Illustrated notes

Levels and vault maps discovered:
D:1:      evilmike_arrival_rings, layout_basic, serial_shops, shop,
          hellmonk_ecumenical_altar_blasted, chequers_serial_rivers_small_a,
          skrybe_limestone_x, minmay_tromino_v4_a
D:2:      layout_loops_ring, uniq_robin
D:3:      layout_loops_ring, roderic_roman_lattice, kennysheep_path_1,
          nrook_campfire
D:4:      layout_cave_pools, enter_ossuary_1,
          nicolae_shop_i_like_small_books_too
D:5:      layout_cave_pools, nicolae_elyvilon_peaceful_grove, tgw_fedhas,
          temple_pool_b, uniq_duvessa, uniq_pikel
D:6:      layout_basic, portal_sewer_entry_a, st_stairs_8, uniq_grinder
D:7:      layout_basic
D:8:      layout_basic, mainiacjoe_overflow_tiny_flanked, serial_shops, shop
D:9:      minmay_flawed_box, layout_basic, mainiacjoe_overflow_large_starburst,
          lemuel_doored_altar, uniq_erica, uniq_maggie, uniq_gastronok
D:10:     layout_irregular_city, grunt_temple_overflow_open,
          david_lair_shrubbed, serial_column_ruins, column_ruins_grid_2,
          column_ruins_open_small, column_ruins_grid_4,
          column_ruins_corridor_dead_end, column_ruins_grid_1
D:11:     layout_cave_pools, serial_column_ruins, column_ruins_hut_pillars,
          column_ruins_circle_medium, column_ruins_open_large,
          column_ruins_grid_1, column_ruins_open_large, column_ruins_open_tiny,
          column_ruins_grid_1
Temple:   nicolae_temple_bog_church
Lair:1:   layout_hall_layers, nicolae_lair_liquid_snakes
Lair:2:   lemuel_ratsnest, layout_cave_pods, minmay_shoals_entry_centaurs,
          nicolae_spider_entry_lesser_pyramids
Lair:3:   layout_hall_layers, maelrawn_ghost_gauntlet_escape,
          infiniplex_staircase_pool_2, serial_bayou_shore_b
Lair:4:   layout_concentric_octagons, serial_bayou, serial_bayou_pond_c,
          serial_bayou_pond_b, serial_bayou_lagoon_a, serial_bayou_pond_d

Skill      XL: |  1  2  3  4  5  6  7  8  9 10 11 12 13 |
---------------+----------------------------------------+-----
Stealth        | 6 7 8 9 10 | 10.3
Invocations    | 1 2 3 4 5 6 7 8 9 |  9.1
Short Blades   | 1 2 3 4 6 8 |  8.3
Long Blades    | 1 2 3 4 6 8 |  8.3
Axes           | 1 2 3 4 6 8 |  8.3
Maces & Flails | 1 2 3 4 6 8 |  8.3
Staves         | 1 2 3 4 6 8 |  8.3
Ranged Weapons | 1 2 3 4 6 8 |  8.3
Throwing       | 1 2 3 4 6 8 |  8.3
Armour         | 1 2 3 4 6 8 |  8.3
Dodging        | 1 2 3 4 6 8 |  8.3
Shields        | 1 2 3 4 6 8 |  8.3
Unarmed Combat | 1 2 3 4 6 8 |  8.3
Spellcasting   | 1 2 3 4 6 8 |  8.3
Evocations     | 1 2 3 4 6 8 |  8.3
Conjurations   | 1 2 3 4 5 6 |  6.9
Hexes          | 1 2 3 4 5 6 |  6.9
Summonings     | 1 2 3 4 5 6 |  6.9
Necromancy     | 1 2 3 4 5 6 |  6.9
Translocations | 1 2 3 4 5 6 |  6.9
Transmutations | 1 2 3 4 5 6 |  6.9
Fire Magic     | 1 2 3 4 5 6 |  6.9
Ice Magic      | 1 2 3 4 5 6 |  6.9
Air Magic      | 1 2 3 4 5 6 |  6.9
Earth Magic    | 1 2 3 4 5 6 |  6.9
Poison Magic   | 1 2 3 4 5 6 |  6.9
Shapeshifting  | 1 2 3 4 5 6 |  6.9
Polearms       | 7 8 9 10 | 10.6
Fighting       | 9 10 11 | 11.8

Action                     |  1- 3 |  4- 6 |  7- 9 | 10-12 | 13-15 || total
---------------------------+-------+-------+-------+-------+-------++-------
  Melee: Spear             |   111 |   136 |   306 |       |       ||   553
         Bite              |     3 |    12 |    40 |   105 |    17 ||   177
         Punch             |     1 |     1 |    11 |    50 |     7 ||    70
         Trident           |       |       |    42 |   660 |    92 ||   794
   Cast: Shock             |       |       |   140 |    50 |     8 ||   198
         Ensorcelled Hiber |       |       |     3 |       |       ||     3
         Sticky Flame      |       |       |       |    14 |    14 ||    28
         Airstrike         |       |       |       |     6 |     8 ||    14
  Evoke: Wand              |       |    23 |    10 |     1 |       ||    34
    Use: Scroll            |       |     5 |     4 |     4 |     2 ||    15
         Potion            |       |       |     3 |     3 |     4 ||    10
   Stab: Sleeping          |     4 |     7 |     8 |    17 |     1 ||    37
         Distracted        |       |     1 |       |       |       ||     1
 Armour: Robe              |    28 |    58 |    72 |   114 |    13 ||   285
  Dodge: Dodged            |    44 |    68 |   168 |   456 |    92 ||   828

Table legend: (Time is in decaauts)
 A = Elapsed time spent in this place.
 B = Non-inter-level travel time spent in this place.
 C = Inter-level travel time spent in this place.
 D = Time resting spent in this place.
 E = Time spent auto-exploring this place.
 F = Levels seen in this place.
 G = Mean time per level.
                   A        B        C        D        E       F      G
               +--------+--------+--------+--------+--------+-----+--------+
         Total |  17673 |  17283 |    390 |   1472 |  11950 |  18 |  981.8 |
       Dungeon |  11962 |  11658 |    304 |   1164 |   7866 |  11 | 1087.5 |
        Temple |     10 |      5 |      5 |      0 |      0 |   1 |   10.0 |
          Lair |   4850 |   4769 |     81 |    308 |   3465 |   4 | 1212.5 |
         Sewer |    631 |    631 |      0 |      0 |    515 |   1 |  631.0 |
       Ossuary |    219 |    219 |      0 |      0 |    103 |   1 |  219.0 |
               +--------+--------+--------+--------+--------+-----+--------+

Top non-repeatable levels by time:
     D:9: 2100 daAuts
    D:10: 1646 daAuts
  Lair:2: 1603 daAuts
  Lair:3: 1384 daAuts
     D:5: 1251 daAuts
     D:7: 1140 daAuts
  Lair:1: 1132 daAuts
     D:8: 930 daAuts
     D:1: 914 daAuts
    D:11: 901 daAuts
     D:6: 810 daAuts
     D:4: 775 daAuts
     D:2: 767 daAuts
  Lair:4: 729 daAuts
     D:3: 723 daAuts
